[Event "Chhattisgarh Masters GM 2022"]
[Site "Chhattisgarh"]
[Date "2022.09.21"]
[Round "3.12"]
[White "Bommini Mounika Akshaya"]
[Black "Paichadze, Luka"]
[Result "0-1"]
[ECO "E21"]
[WhiteElo "2152"]
[BlackElo "2560"]
[Annotator "TA"]
[PlyCount "86"]
[EventDate "2022.09.19"]
[EventCountry "IND"]
[SourceTitle "playchess.com"]
[Source "ChessBase"]
[SourceQuality "1"]
[TimeControl "5400+30"]

1. d4 Nf6 2. c4 e6 3. Nc3 Bb4 4. e3 b6 5. Bd2 Bb7 6. Nf3 O-O 7. Bd3 d6 8. a3 Bxc3 9. Bxc3 Nbd7 10. Qc2 Qe7 11. e4 {[%emt 0:08:52] aiming for e5. E21: Nimzo-Indian: 4 Nf3.} e5 12. d5 Nc5 13. b4 {[%emt 0:12:01] The position is equal.} Nxd3+ 14. Qxd3 Nh5 {[%emt 0:01:11] Strongly threatening ...Nf4.} 15. O-O Bc8 ({Better is} 15... Nf4 $17 16. Qc2 f5) 16. Bd2 (16. Qd1 $11) 16... f5 $15 17. c5 {[%emt 0:05:16] [#]} (17. exf5 $15 Bxf5 18. Qc3) 17... fxe4 $146 ({Predecessor:} 17... h6 18. Rac1 fxe4 19. Qxe4 Nf6 20. Qc4 Bb7 21. c6 Bc8 22. Bc3 Qf7 23. Rcd1 a5 {0-1 (38) Dixit,A (2054)-Ibrayev,N (2388) Chess.com INT 2021}) 18. Qxe4 Bf5 (18... h6 $17 19. Rac1 Qf7 20. cxd6 cxd6) 19. Qc4 h6 ({Don't play} 19... bxc5 $6 20. bxc5 h6 21. Rae1 $11) 20. Rac1 Qf7 21. Be3 Rad8 22. Rfd1 Nf6 23. cxb6 cxb6 24. Ne1 Be4 25. f3 Bxd5 26. Qa6 Ba8 (26... e4 $19 27. Qe2 exf3 28. Nxf3 Rde8) 27. Nd3 (27. Qc4 $17) 27... Rfe8 ({Black should try} 27... e4 $19 28. fxe4 Bxe4) 28. Rc2 $2 {[%emt 0:01:29] This costs White the game.} (28. Nf2 $17) 28... e4 $19 29. fxe4 Rxe4 ({Worse is} 29... Ng4 30. Bf4 $17) 30. Bf2 Qb3 ({Weaker is} 30... Qh5 31. Rdc1) 31. Rdc1 Rde8 32. Ne1 {[#]} (32. Rc8 {was necessary.}) 32... Rxe1+ $1 33. Bxe1 {[%emt 0:05:18] [#]} Rxe1+ $1 34. Rxe1 Qxc2 {[%emt 0:00:04][%csl Ga8][%cal Rc2g2] Really sharp!} 35. Qf1 (35. Qe2 Qg6 36. Qf2) 35... Be4 36. Rc1 Qb2 {[%emt 0:00:54] White must now prevent ...Ng4.} 37. Rc8+ Kh7 {[%emt 0:00:12] And now ...Ng4 would win.} 38. Rc4 d5 39. Rc7 Qe5 (39... Ng4 $142 40. h3 Qd4+ 41. Kh1 Ne3) 40. Rf7 Ng4 41. Qf4 Qd4+ 42. Kh1 Qa1+ 43. Qf1 {[%emt 0:00:05] [#]} Bxg2+ $1 {[%emt 0:20:54] Weighted Error Value: White=0.91/Black=0.37} 0-1

[Event "Chhattisgarh Masters GM 2022"]
[Site "Chhattisgarh"]
[Date "2022.09.21"]
[Round "3.13"]
[White "Dhananjay S"]
[Black "Franco Valencia, Angela"]
[Result "1-0"]
[ECO "A56"]
[WhiteElo "2197"]
[BlackElo "2066"]
[Annotator "TA"]
[PlyCount "77"]
[EventDate "2022.09.19"]
[EventCountry "IND"]
[SourceTitle "playchess.com"]
[Source "ChessBase"]
[SourceQuality "1"]
[TimeControl "5400+30"]

1. d4 Nf6 2. c4 c5 3. d5 e5 4. Nc3 d6 5. e4 Be7 6. Bd3 O-O 7. h3 Nbd7 8. g4 Ne8 9. Nf3 a6 10. a4 Rb8 {[%emt 0:00:20] A56: Czech Benoni.} 11. Be3 {[%emt 0:00:06] [#]} Nb6 $146 ({Predecessor:} 11... Nc7 12. Qe2 Re8 13. h4 Nf8 14. Rg1 Bd7 15. h5 Qc8 16. Nd2 b6 17. g5 Qb7 {1-0 (52) Kunte,A (2522)-Rathnakaran,K (2421) Mumbai 2009}) 12. Rg1 Bd7 {[%emt 0:01:35] White is better.} 13. Qb1 Na8 14. b4 b5 (14... cxb4 $14 15. Qxb4 a5) 15. cxb5 axb5 16. Nxb5 (16. axb5 $18 Qc7 17. Kf1 (17. bxc5 dxc5 18. Kf1 Nb6 $18)) 16... Bxb5 (16... Nac7 $16 {was worth a try.}) 17. axb5 $18 {[%emt 0:00:27] Strongly threatening bxc5.} Qc7 18. Nd2 Qd8 (18... Nf6 {keeps fighting.} 19. bxc5 dxc5) 19. g5 Nec7 20. Ra5 {[%emt 0:07:12] aiming for bxc5.} f6 $2 (20... Nb6 21. h4 Qd7) 21. Nc4 $2 (21. gxf6 $18 Bxf6 22. bxc5) 21... Nxb5 $16 22. bxc5 $1 Nd4 (22... Nac7 $16 23. gxf6 Bxf6) 23. Qd1 (23. Qa2 $1 $18 {is more deadly.}) 23... dxc5 24. gxf6 Rxf6 25. Bxd4 {[%emt 0:00:44] Chess con chili.} cxd4 {[%emt 0:00:44] [#]} 26. Ra7 $1 {[%emt 0:00:40] And now d6 would win.} ({Not} 26. Qg4 $2 Rg6 27. Qxg6 hxg6 $19) 26... Rf7 {[%emt 0:14:39] [#] ...Bb4+ is the strong threat.} 27. Kf1 ({White should play} 27. Qa1 $1 $18 Qe8 28. d6 (28. Nxe5 Bb4+ 29. Ke2 Qxe5 $11)) 27... Qf8 28. Ra2 $36 {[%emt 0:01:59][%mdl 2048] White is on the roll. White is much more active.} (28. Nxe5 Rxf2+ 29. Ke1 Bb4+) 28... Bh4 29. Rg2 Rf3 $2 (29... Bf6 $16) 30. Nxe5 $18 Rxh3 31. Qg4 {[%emt 0:01:54] Inhibits Qf4.} Rh1+ 32. Rg1 Rh2 33. Nf3 Rxf2+ 34. Rxf2 Bxf2 35. Kxf2 Rb2+ 36. Kg3 Nc7 37. e5 {[%emt 0:00:50] Intending d6 and mate.} Rb4 38. d6 Ne8 {[%emt 0:00:14] [#]} 39. Bxh7+ $1 {[%emt 0:00:08][%mdl 512] Weighted Error Value: White=0.48/Black=0.78} 1-0

[Event "Chhattisgarh Masters GM 2022"]
[Site "Chhattisgarh"]
[Date "2022.09.21"]
[Round "3.13"]
[White "Ravi, Kumar"]
[Black "Kushagra Mohan"]
[Result "1/2-1/2"]
[ECO "B13"]
[WhiteElo "2156"]
[BlackElo "2431"]
[Annotator "TA"]
[PlyCount "118"]
[EventDate "2022.09.19"]
[EventCountry "IND"]
[SourceTitle "playchess.com"]
[Source "ChessBase"]
[SourceQuality "1"]
[TimeControl "5400+30"]

1. e4 c6 2. d4 d5 3. exd5 cxd5 4. Bd3 Nc6 5. c3 Qc7 6. Ne2 Bg4 7. f3 Bd7 8. Bf4 e5 {[%emt 0:00:12] B13: Caro-Kann: Exchange Variation and Panov-Botvinnik Attack.} 9. Bg3 Bd6 10. Na3 {[%emt 0:02:19] White wants to play Nb5.} a6 {[%emt 0:04:54] Against Nb5} 11. Nc2 f6 {[%emt 0:01:05] [#]} 12. O-O $146 ({Predecessor:} 12. Ne3 Nge7 13. Bc2 Be6 14. O-O h5 15. h4 O-O-O 16. b4 g5 17. a4 f5 18. b5 {½-½ (46) Xylogiannopoulos,A (2279)-Smirnov,A (2508) Anogia 2017}) 12... Nge7 13. Qd2 O-O 14. Kh1 Be6 15. Rad1 Qd7 16. dxe5 fxe5 17. f4 e4 18. Bxe4 dxe4 19. Qxd6 Qxd6 20. Rxd6 Bxa2 21. Ne3 Nf5 22. Nxf5 Rxf5 23. Nd4 Nxd4 24. Rxd4 Re8 25. Re1 Bd5 26. Kg1 Bc6 (26... e3 {is more complex.} 27. Rd3 e2 28. Rd4 b5) 27. Kf2 Rb5 28. Rd2 a5 29. Ke3 a4 30. Ra1 Rb6 31. Bh4 Bb5 32. Bd8 Rh6 33. g3 Bd3 34. Bc7 b5 35. Be5 Rh3 36. c4 bxc4 37. Rxa4 Re7 {[%emt 0:00:16] Against Ra7} 38. Bd6 Rb7 (38... Rd7 $11 {and Black is okay.} 39. Be5 Re7) 39. Ra8+ $18 Kf7 40. f5 Kf6 41. Rf2 Rf7 42. Re8 Kg5 (42... Rd7 $16 {might work better.}) 43. Be7+ Kg4 44. f6 {[%emt 0:00:00] And now Rg8 would win.} Rh5 45. Rg8 $1 Rg5 46. Rf4+ (46. h4 $1 $18 Rg6 47. h5) 46... Kh3 $16 {[%emt 0:00:00] [#]} 47. Rh4+ (47. Kf2 $1 $16 e3+ 48. Kg1 (48. Kxe3 Kg2 $14)) 47... Kg2 $11 {[%emt 0:00:00] The position is equal.} 48. Rxh7 gxf6 49. Rxf7 Rxg8 50. Rxf6 Kxh2 {[%emt 0:00:00][%mdl 4096] Endgame KRB-KRB} 51. Kf2 Rh8 {[%emt 0:00:00] Against Rh6+} 52. Rf4 e3+ 53. Kxe3 Kxg3 ({Resist} 53... Re8 {[#]} 54. Kf2 $1 Rh8 55. Bf6 $16) 54. Bd6 {[%emt 0:00:25] Strongly threatening Rf8+.} Kg2 55. Rg4+ Kf1 56. Bc5 Re8+ 57. Kd2 Re2+ 58. Kd1 Re1+ $1 59. Kd2 Re2+ {[%emt 0:00:00] Black escapes into a draw.  Weighted Error Value: White=0.14 (very precise) /Black=0.17 (very precise)} 1/2-1/2

[Event "Chhattisgarh Masters GM 2022"]
[Site "Chhattisgarh"]
[Date "2022.09.21"]
[Round "3.14"]
[White "Nayak Rajesh"]
[Black "Sammed Jaykumar, Shete"]
[Result "1/2-1/2"]
[ECO "D00"]
[WhiteElo "2142"]
[BlackElo "2387"]
[Annotator "TA"]
[PlyCount "80"]
[EventDate "2022.09.19"]
[EventCountry "IND"]
[SourceTitle "playchess.com"]
[Source "ChessBase"]
[SourceQuality "1"]
[TimeControl "5400+30"]

1. d4 Nf6 2. Nc3 d5 3. Bf4 e6 4. e3 Bb4 5. Nge2 O-O 6. a3 {[%emt 0:00:12] D00: 1 d4 d5: Unusual lines.} Be7 7. g4 (7. Nc1 $11 {was preferrable.}) 7... Nxg4 $15 8. Rg1 {[%emt 0:07:38] Black is slightly better.} f5 {[%emt 0:00:07] [#]} 9. h3 $146 ({Predecessor:} 9. Qd2 c5 10. f3 Nf6 11. O-O-O Nc6 12. Bh6 Rf7 13. Nf4 Kh8 14. Bg5 Bd7 15. h4 {1-0 (55) Furfine,J (2298)-Yanayt,E (2220) Saint Louis 2019}) 9... Nf6 10. Bh6 Rf7 11. Nf4 c5 12. Be2 Nc6 13. Bh5 Nxh5 14. Qxh5 Bf6 (14... cxd4 15. Qxf7+ Kxf7 16. Rxg7+ Ke8 17. Rg8+ Kf7 18. Rg7+ Ke8 19. Rg8+ Kd7 20. Rxd8+ Nxd8 21. exd4 $15) 15. O-O-O cxd4 16. exd4 Bd7 $2 ({Black should play} 16... Bxd4 $19 {Strongly threatening ...Be5.} 17. Nb5 Be5) 17. Nce2 Qf8 (17... Qb6 $17 18. Bxg7 Bxg7) 18. Rd3 b5 19. Rdg3 Ne7 ({Black should try} 19... Re8 $15) 20. h4 e5 21. dxe5 Bxe5 22. Qf3 Kh8 $1 23. Bg5 b4 24. h5 {[%emt 0:01:27] Black must now prevent Bxe7.} bxa3 25. bxa3 (25. Bxe7 $16 {stays on course.} Qxe7 26. Ng6+ $1 hxg6 27. hxg6) 25... Kg8 (25... Qb8 $1 $17 {Threatens to win with ...Qb2+.} 26. Rh3 Qb2+ 27. Kd2 Ba4) 26. Bh6 $11 {[%emt 0:04:15] And now Qe3 would win.} (26. Bxe7 Qxe7 27. Ng6 (27. Qxd5 Rc8 $11) 27... Qe8 28. Nxe5 Qxe5 $15) 26... Rc8 $2 (26... Kh8 $11 {and Black has nothing to worry.} 27. Ng6+ Nxg6 28. hxg6 f4 29. gxf7 fxg3 30. Qxd5 gxf2) 27. Bxg7 $2 (27. Qe3 $18 Nc6 28. Bxg7 $1 Rxg7 29. Rxg7+ Bxg7 30. h6) 27... Rxg7 {[%emt 0:01:24] [#]} (27... Bxg7 $11 {keeps the balance.} 28. h6 Ng6 29. Nxg6 Bxh6+ 30. Kd1 (30. Ngf4+ Kh8 $11) 30... hxg6 31. Rxg6+ Rg7 32. Qxd5+ Qf7 33. Qxf7+ Kxf7 34. Rxh6 Bb5 35. Rxg7+ Kxg7) 28. Rxg7+ {[%emt 0:01:37] Dancing on a razor blade.} (28. Qe3 $1 $16 ) 28... Bxg7 {[%emt 0:02:23] A strong pair of Bishops.} 29. h6 $1 {[%emt 0:00:07][%mdl 64] Pin} Qf6 30. Rxg7+ $18 Kh8 31. Qd3 {[%emt 0:05:04] Qd4 is the strong threat.} Rc4 {[%emt 0:02:10] Inhibits Qd4.} (31... Rb8 $2 32. Qd4 Qxd4 33. Nxd4 $18) 32. c3 $2 (32. Nxd5 Qxh6+ 33. Ne3 Rxc2+ 34. Kxc2 Qc6+ 35. Kd2 Kxg7 $11) (32. Kb1 $18 Qb6+ 33. Ka2) 32... Qd6 {[%emt 0:01:06] [#]} (32... Re4 $1 $11 33. f3 Qxh6 34. fxe4 fxe4) 33. Kd2 $2 (33. f3 $1 $18) 33... Re4 $36 {[%emt 0:01:30][%mdl 2048] Prevents Qe3. Black fights for an advantage. The position is equal.} (33... Rxf4 $2 34. Nxf4 (34. Rxe7 Qxe7 35. Nxf4 Qf6 $16) 34... Qxh6 35. Rxe7 $18) 34. f3 Qxh6 (34... Rxf4 $2 35. Qe3 (35. Rxe7 Qxe7 36. Nxf4 Qf6 $16) 35... Ng6 36. Nxf4 $18) 35. fxe4 fxe4 36. Rxh7+ Kxh7 37. Qd4 Qd6 38. Qxa7 Nc6 39. Qf2 Ne5 ({Don't take} 39... Qh6 40. Qc5 $16) 40. Qh4+ Kg8 {[%emt 0:00:44] What a bad dream for Black.  Weighted Error Value: White=0.45/Black=0.42} 1/2-1/2

[Event "Chhattisgarh Masters GM 2022"]
[Site "Chhattisgarh"]
[Date "2022.09.21"]
[Round "3.14"]
[White "Priyankara, Chamil"]
[Black "Masango, Spencer"]
[Result "0-1"]
[ECO "D91"]
[WhiteElo "1874"]
[BlackElo "2192"]
[Annotator "TA"]
[PlyCount "62"]
[EventDate "2022.09.19"]
[EventCountry "IND"]
[SourceTitle "playchess.com"]
[Source "ChessBase"]
[SourceQuality "1"]
[TimeControl "5400+30"]

1. d4 Nf6 2. Nf3 g6 3. c4 Bg7 4. Nc3 d5 5. Bg5 Ne4 6. Bh4 Nxc3 7. bxc3 dxc4 8. e3 Be6 9. Qb1 b6 {[%emt 0:03:22] D91: Grünfeld: 4 Nf3 Bg7 5 Bg5.} 10. Ng5 Bd5 11. e4 h6 {[%emt 0:00:11] The position is equal.} 12. Nh3 (12. Nf3 $5 Be6 13. Qb2 $11) 12... Bb7 13. Bxc4 c5 {[%emt 0:05:31] [#] And now ...g5 would win.} 14. O-O (14. Qb3 $11 O-O 15. d5) 14... cxd4 {[%emt 0:08:09] White must now prevent ...0-0.} (14... O-O $5 15. Rd1 cxd4 16. cxd4 Nc6 $17) 15. Rd1 (15. Nf4 $11 {remains equal.} Qd7 16. Qb3) 15... O-O $17 16. cxd4 {[%emt 0:05:21] [#]} Qd7 $146 (16... Qc8 $17 17. Qb3 Qg4) ({Predecessor:} 16... Nc6 17. d5 Na5 18. Be2 Bc8 19. d6 g5 20. Nxg5 hxg5 21. Bxg5 f6 22. Bd2 Nb7 {½-½ (35) Kaabi,M (2215)-Cronje,H (2204) ICCF email 2008}) 17. Bg3 $15 Nc6 18. d5 Ne5 (18... Bxa1 19. dxc6 Qxc6 20. Bd5 $14) (18... Nd4 $1 $11) 19. Bb5 $14 Qd6 20. Qb3 Rac8 21. f4 ({White should play} 21. Nf4 $14) 21... Ng4 $11 {[%emt 0:02:55] Strongly threatening ...Rc3.} 22. e5 Qc5+ 23. Kh1 Qc3 {[%emt 0:12:22] Threatens to win with ...Ne3.} 24. Bd7 Ne3 25. Bxc8 Rxc8 26. Qxc3 Rxc3 27. d6 (27. Rd2 $11 {keeps the balance.}) 27... exd6 {[%emt 0:00:28] Black is more active.} ({Resist} 27... Nxd1 28. dxe7 Bc6 29. Rxd1 $16) (27... Nxg2 $2 28. d7 (28. Kg1 exd6 29. exd6 Bf6 $18) 28... Nxf4+ 29. Kg1 $18) ({Better is} 27... Bxg2+ $17 28. Kg1 exd6) 28. exd6 $2 {[%emt 0:00:03][%mdl 8192] Loses the game.} (28. Rd2 $11 {and White is okay.}) 28... Bxg2+ $19 {[%emt 0:00:19] This bishop pair is nice. Black has a decisive advantage.} (28... Nxd1 29. Rxd1 Rc8 30. f5 $11) 29. Kg1 {[%emt 0:00:10] Hoping for d7.} Nxd1 ({Weaker is} 29... Bxh3 30. d7 Bxd7 31. Rxd7 $11) 30. Rxd1 Bxh3 31. d7 {[%emt 0:00:04] [#]} Bxd7 $1 {[%emt 0:00:15] Weighted Error Value: White=0.49/Black=0.18 (very precise)} 0-1

[Event "Chhattisgarh Masters GM 2022"]
[Site "Chhattisgarh"]
[Date "2022.09.21"]
[Round "3.15"]
[White "Aswath S"]
[Black "Panda Sambit"]
[Result "0-1"]
[ECO "B15"]
[WhiteElo "2135"]
[BlackElo "2363"]
[Annotator "TA"]
[PlyCount "82"]
[EventDate "2022.09.19"]
[EventCountry "IND"]
[SourceTitle "playchess.com"]
[Source "ChessBase"]
[SourceQuality "1"]
[TimeControl "5400+30"]

1. e4 c6 2. d4 d5 3. Nc3 dxe4 4. Nxe4 Nf6 5. Nxf6+ exf6 6. Nf3 Bd6 7. Bd3 {[%emt 0:00:20][%cal Bf1d3,Bd3f5,Bf5c2][%mdl 32] The main line 7.Bd3 scores better than 7.Be2.} O-O 8. O-O Na6 {[%emt 0:01:03] B15: Caro-Kann: 3 Nc3: 3...g6 and 3...dxe4 4 Nxe4 Nf6 5 Nxf6+ exf6.} 9. c4 Bg4 10. h3 Bh5 {[%emt 0:00:08] The position is equal.} 11. Be3 Nc7 {[%emt 0:08:25] [#]} 12. Bf5 $146 ({Predecessor:} 12. g4 Bg6 13. Nh4 Bxd3 14. Qxd3 g6 15. Ng2 Re8 16. Rfe1 Qd7 17. Bd2 Rxe1+ 18. Rxe1 {½-½ (41) Sveshnikov,V (2377)-David,A (2586) Bratto 2017}) 12... Re8 13. a3 a5 14. Rc1 a4 15. Bc2 Qd7 16. Qd3 Bg6 {[%emt 0:05:10] Active counter play!} 17. Qd1 b5 18. Nh4 Bxc2 19. Qxc2 g6 20. Nf3 Rec8 21. Rfd1 bxc4 22. Nd2 (22. Ne5 $5 Qe6 23. Nxc6 $11) 22... c3 23. Qxc3 Nd5 24. Qd3 Rab8 25. Nc4 Rb3 26. Qc2 Bb8 27. Rd3 h5 (27... Rxd3 $15 28. Qxd3 Qc7) 28. Rxb3 $11 axb3 29. Qxb3 Qc7 {[%emt 0:00:00] Against Na5. White must now prevent ...Qh2+.} 30. g3 h4 $36 {[%emt 0:00:01][%mdl 2048] Black has some pressure.} 31. Bd2 Ba7 (31... Re8 $11 {keeps the balance.}) 32. Qd3 (32. gxh4 $16 Bxd4 33. Qf3) 32... hxg3 33. fxg3 Qd7 34. Kh2 Kg7 35. Kg2 {[%emt 0:05:16] [#]} c5 $1 36. Be3 (36. Re1 $17) 36... Rh8 $19 37. h4 cxd4 38. Bxd4 {[%emt 0:00:00] [#] Now White is beyond hope.} (38. Bd2 $17 {was the crucial defense.}) 38... Qg4 $1 {[%emt 0:00:27] ( -> ...Nf4+)} 39. Be3 {[%emt 0:00:50] Against Nf4+} (39. Qf3 Qxd4) 39... Bxe3 40. Qxd5 Bxc1 41. Nd6 Qe2+ {[%emt 0:00:40] Weighted Error Value: White=0.66/Black=0.09 (flawless)} 0-1

[Event "Chhattisgarh Masters GM 2022"]
[Site "Chhattisgarh"]
[Date "2022.09.21"]
[Round "3.17"]
[White "Mohota, Nisha"]
[Black "Nargis, Kaumudi"]
[Result "1-0"]
[ECO "C41"]
[WhiteElo "2166"]
[BlackElo "1201"]
[Annotator "TA"]
[PlyCount "29"]
[EventDate "2022.09.19"]
[EventCountry "IND"]
[SourceTitle "playchess.com"]
[Source "ChessBase"]
[SourceQuality "1"]
[TimeControl "5400+30"]

1. e4 d6 2. d4 c6 3. Nc3 Nd7 4. Nf3 e5 5. Bc4 h6 $2 ({Black should play} 5... Be7 $14) 6. dxe5 $18 {[%emt 0:00:27] C41: Philidor Defence.} dxe5 {[%emt 0:00:39] [#]} 7. Bxf7+ $1 Kxf7 8. Nxe5+ $1 {[%emt 0:00:03][%mdl 64] Pin. White is clearly better.} Kf6 (8... Ke6 {was called for.}) 9. Qf3+ $2 (9. Qd4 $18 Qe8 10. Nxd7+ Kg6 11. Nxf8+ Qxf8 12. f4) 9... Kxe5 $17 {[%emt 0:00:36] [#]} 10. Qf7 $146 (10. Qf5+ $17 Kd6 11. Bf4+ Ke7 12. O-O-O) ({Predecessor:} 10. Qf5+ Kd6 11. Bf4+ Ke7 12. O-O-O Ngf6 13. Rd6 Qb6 14. Qe6+ Kd8 15. Rd2 Bb4 16. Rhd1 {0-1 (25) Nadal Garcia,L (2048)-Munoz Pantoja,M (2499) Barcelona 2008}) 10... Ndf6 $4 (10... Qf6 $2 11. f4+ Kd6 12. e5+ Kc7 13. exf6 $18) (10... g5 $19 11. Be3 Qe7 12. f4+ Kd6) 11. f4+ $18 Kd4 12. O-O {[%emt 0:03:01][%cal Oc1e3] [#] White wants to mate with Be3+!} Qe7 13. Rd1+ {[%emt 0:03:47] White mates.} Kc5 14. Be3+ Kb4 15. Qb3+ {[%emt 0:00:08] Weighted Error Value: White=0.66/Black=1.52} 1-0

[Event "Chhattisgarh Masters GM 2022"]
[Site "Chhattisgarh"]
[Date "2022.09.21"]
[Round "3.18"]
[White "S, M Sharifuzzaman"]
[Black "Gaurav Rajesh Zagade"]
[Result "0-1"]
[ECO "B13"]
[WhiteElo "1352"]
[BlackElo "2160"]
[Annotator "TA"]
[PlyCount "86"]
[EventDate "2022.09.19"]
[EventCountry "IND"]
[SourceTitle "playchess.com"]
[Source "ChessBase"]
[SourceQuality "1"]
[TimeControl "5400+30"]

1. e4 c6 2. d4 d5 3. exd5 cxd5 4. Nf3 Nc6 5. Be2 Nf6 6. Nc3 Bg4 {[%emt 0:01:17][%cal Bc8g4,Bg4h5,Bh5g6][%mdl 32] B13: Caro-Kann: Exchange Variation and Panov-Botvinnik Attack.} 7. O-O e6 8. a3 {[%emt 0:00:50] Against Bb4} a6 {[%emt 0:00:22] Black is slightly better.} 9. Bg5 Bd6 {[%emt 0:01:11] [#]} 10. Re1 $146 ({Predecessor:} 10. h3 Bh5 11. Kh1 h6 12. Bh4 Qc7 13. Bxf6 gxf6 14. Re1 Bxf3 15. Bxf3 O-O-O 16. Bxd5 exd5 17. Nxd5 {1-0 (68) Vasiliev,O (2160)-Vovinkina,N (2132) Tel Aviv 2002}) 10... Qc7 11. h3 Bh5 12. g4 (12. Nd2 $11 {deserves consideration.} Bg6 13. Bd3) 12... Bg6 $15 13. Bxf6 {[%emt 0:02:51] White does not recover from this.} (13. Bd3 $15) 13... gxf6 $19 14. Nh4 O-O-O 15. b4 {[%emt 0:01:30] [#]} Nxd4 $1 16. Qxd4 Be5 17. Qc5 (17. Nxd5 Rxd5 18. Qe3) 17... Qxc5 {[%emt 0:00:38][%mdl 64] Remove Defender} 18. bxc5 Bxc3 19. Nxg6 hxg6 20. Kg2 Bxa1 21. Rxa1 {[%emt 0:00:12][%mdl 4096] Endgame KRR-KRB} Kc7 22. Bf3 Kc6 23. Rb1 Rd7 24. c4 Kxc5 25. cxd5 exd5 26. Rc1+ Kb6 27. Kg3 Ka7 28. Rd1 d4 29. Be4 Rc8 30. a4 Rc3+ 31. Rd3 Rxd3+ 32. Bxd3 {[%emt 0:00:17] KR-KB} g5 {[%emt 0:00:51] [#] Hoping for ...Kb6.} 33. Kf3 Re7 {[%emt 0:00:44] Threatens to win with ...Kb6.} 34. Kg3 Kb6 35. h4 gxh4+ 36. Kxh4 Re5 37. Bc4 Ka5 38. Bxf7 d3 {[%emt 0:00:08] Black mates.} 39. Bb3 Kb4 40. Bd1 Re1 41. Bf3 d2 42. Bxb7 d1=Q 43. Bxa6 Qf3 {[%emt 0:00:49] Weighted Error Value: White=0.48/Black=0.10 (very precise)} 0-1

[Event "Chhattisgarh Masters GM 2022"]
[Site "Chhattisgarh"]
[Date "2022.09.21"]
[Round "3.19"]
[White "Ratnakaran, K.."]
[Black "Vignesh B"]
[Result "1-0"]
[ECO "B32"]
[WhiteElo "2352"]
[BlackElo "2083"]
[Annotator "TA"]
[PlyCount "97"]
[EventDate "2022.09.19"]
[EventCountry "IND"]
[SourceTitle "playchess.com"]
[Source "ChessBase"]
[SourceQuality "1"]
[TimeControl "5400+30"]

1. e4 c5 2. Nf3 Nc6 3. d4 cxd4 4. Nxd4 e5 5. Nb5 d6 6. c4 Nf6 7. N1c3 a6 8. Na3 Be6 9. Be2 Rc8 10. Be3 Be7 11. O-O O-O 12. f3 {[%emt 0:04:07] B32: Sicilian: Löwenthal and Kalashnikov Variations.} Nd7 13. Nd5 Bg5 14. Bf2 {[%emt 0:04:18] [#] The position is equal.} Bxd5 $146 ({Predecessor:} 14... Nc5 15. b4 Nd7 16. b5 Ne7 17. Rb1 Nc5 18. Nc2 f5 19. exf5 Nxf5 20. Ncb4 a5 {0-1 (42) Shorokhov,A (2471)-Khusnutdinov,R (2392) Internet 2006}) 15. exd5 Ne7 16. Nc2 f5 17. a4 a5 18. Na3 Nc5 19. Nb5 Ng6 20. g3 h5 21. f4 exf4 22. Bxh5 Ne5 23. gxf4 (23. Na7 $15) 23... Bxf4 $19 24. Kh1 Ncd3 25. b3 {[%emt 0:04:56] [#]} Rf6 $2 ({Resist} 25... g6 26. Bxg6 $1 Qg5 27. Bd4 $14 (27. Bh5 Bxh2 28. Kxh2 Kh7 $11)) (25... Bxh2 $1 $19 26. Kxh2 f4) 26. Bh4 $1 $36 {[%emt 0:05:18][%mdl 2048] Hoping for Be2. White fights for an advantage. This bishop pair is nice.} g5 {[%emt 0:00:38] White must now prevent ...Rh6.} 27. Rxf4 gxh4 (27... Nxf4 $11 28. Bxg5 Nh3 29. Bxf6 Qxf6) 28. Rf1 $14 Qb6 $2 {[%emt 0:00:32] White stays focused until the end.} (28... Qf8 $16 {was called for.}) 29. Qe2 $18 Kh7 $2 (29... f4 30. Rad1 Rcf8) 30. Rad1 Nc5 31. Rd4 Rcf8 (31... Qd8 $142 32. Rxh4 Rh6) 32. Rxh4 {[%emt 0:02:02][%cal Oh5g6] White wants to mate with Bg6+!} Rh6 {[%emt 0:00:06] Inhibits Bg6+.} 33. Nd4 (33. Qe3 $142 {[%cal Oh5g6] Threatening mate with Bg6+!} f4 34. Qh3) 33... Qd8 34. Rh3 ({Avoid the trap} 34. Nxf5 $2 {[#]} Rxf5 $1 35. Bg6+ Kg7 36. Rxh6 Rxf1+ 37. Qxf1 Kxh6 $19) 34... Qg5 (34... f4 35. Rg1 Rg8 36. Rxg8 Qxg8) 35. Rg1 Qf6 36. Qg2 {[%emt 0:00:38][%cal Oh3g3] White threatens Rg3! and mate.} Ncd3 37. Ne6 Rc8 38. Be2 {[%emt 0:01:13] Intending Qg7+ and mate.} Nf2+ 39. Qxf2 Rxh3 40. Ng5+ Kh8 41. Nxh3 {[%emt 0:00:05] Rg5 is the strong threat.} Rg8 {[%emt 0:00:13] Inhibits Rg5.} 42. Rxg8+ Kxg8 43. Qg3+ Kf8 44. Qg5 Qh8 45. Qxf5+ Ke7 46. Qe6+ {[%emt 0:00:31] White mates.} Kd8 47. Qxd6+ Nd7 48. Bg4 Qa1+ 49. Ng1 {[%emt 0:00:06] Weighted Error Value: White=0.41/Black=0.64} 1-0